 Dungeon Crawl Stone Soup version 0.28.0-49-g6dfe1f597d (webtiles) character file.

Game seed: 16170399091977916307

752 Aphynety the Firebug (level 7, -3/67 HPs)
             Began as a Grey Draconian Fire Elementalist on May 16, 2022.
             Was a Priest of Hepliaklqana.
             Slain by an ogre
             ... wielding a +0 giant club
              (12 damage)
             ... on level 5 of the Dungeon.
             The game lasted 00:16:10 (7943 turns).

Aphynety the Firebug (DrFE)                         Turns: 7943, Time: 00:16:11

Health: -3/67      AC: 23    Str: 10    XL:     7   Next: 49%
Magic:  7/13       EV:  2    Int: 17    God:    Hepliaklqana [***...]
Gold:   38         SH:  0    Dex: 12    Spells: 13/14 levels left

rFire   . . .      SeeInvis +   (no weapon)
rCold   . . .      Faith    .   (no shield)
rNeg    . . .      Spirit   .   (armour unavailable)
rPois   +          Reflect  .   (helmet currently unavailable)
rElec   .          Harm     .   (cloak currently unavailable)
rCorr   .          Rampage  .   (gloves currently unavailable)
Will    .....      NoTele   +   (boots currently unavailable)
Stlth   ++........              (no amulet)
HPRegen 0.21/turn               d - ring of see invisible
MPRegen 0.13/turn               l - ring of see invisible

@: tree-form
A: stationary, stasis, torment immunity, boosted hp, reduced essence, AC +11,
(amphibious), unfitting armour, (cold-blooded)
a: Renounce Religion, Ancestor Life: Knight, Ancestor Life: Battlemage, Ancestor
Life: Hexer, Recall Ancestor, Ancestor Identity, Transference


You were on level 5 of the Dungeon.
You worshipped Hepliaklqana.
Hepliaklqana was most pleased with you.
You were a tree.
You visited 1 branch of the dungeon, and saw 5 of its levels.

You collected 236 gold pieces.
You spent 198 gold pieces at shops.

Inventory:

Hand Weapons
 u - a +4 quarterstaff of chaos
Armour
 e - a +0 pair of boots (melded)
 v - a +0 cloak (melded)
Jewellery
 d - a ring of see invisible (left branch)
 l - a ring of see invisible (right branch)
 o - an amulet of reflection
Wands
 k - a wand of flame (34)
 n - a wand of iceblast (13)
Scrolls
 b - 4 scrolls of teleportation
 f - a scroll of acquirement
 h - a scroll of summoning
 j - a scroll of holy word
 r - a scroll of magic mapping
Potions
 a - a potion of heal wounds
 c - a potion of curing
 g - a potion of attraction {unknown}
 m - a potion of magic {unknown}
 p - 2 potions of cancellation
 q - a potion of ambrosia {unknown}
 s - a potion of lignification
 t - a potion of haste


   Skills:
 - Level 2.0 Dodging
 - Level 4.0 Stealth
 + Level 4.4 Spellcasting
 + Level 4.2 Conjurations
 + Level 5.2 Fire Magic


You had 13 spell levels left.
You knew the following spells:

 Your Spells              Type           Power      Damage    Failure   Level
a - Foxfire               Conj/Fire      76%        2x1d7     2%          1

Your spell library contained the following spells:

 Spells                   Type           Power      Damage    Failure   Level
 Scorch                   Fire           42%        2d7       2%          2
 Conjure Flame            Conj/Fire      19%        6-21      7%          3
 Inner Flame              Hex/Fire       12%        N/A       16%         3
 Flame Wave               Conj/Fire      19%        2d6       22%         4


Dungeon Overview and Level Annotations

Branches:
Dungeon (5/15)             Temple (0/1) D:5

Altars:
Ashenzari
Hepliaklqana

Shops:
D:2 ?   D:5 **

Annotations:
D:5 1 transporter, Exodus22XD's ghost, novice MiFi


Innate Abilities, Weirdness & Mutations

You are a tree.
Your roots penetrate the ground, keeping you stationary.
You cannot be teleported.
You are immune to unholy pain and torment.
Your maximum health is greatly increased.
Your equipment is partially melded.
Your life essence is reduced to manifest your ancestor. (-10% HP)
((Your dull iron-grey scales are very hard. (AC +11)))
((You are amphibious.))
You cannot fit into any form of body armour.
((You are cold-blooded and may be slowed by cold attacks.))


Message History

Exodus22XD's ghost is moderately damaged.
Exodus22XD's ghost hits you. The ogre hits you but does no damage.
Bozidara barely misses the ogre.
Your magical contamination has completely faded away.
You hit Exodus22XD's ghost but do no damage.
Exodus22XD's ghost is moderately damaged.
The ogre hits you with the +9 dire flail of Butchery {vamp, *Slow rC+++ rCorr Int+2}!
* * * LOW HITPOINT WARNING * * *
The ogre draws strength from your wounds!
Exodus22XD's ghost hits you but does no damage.
Bozidara barely misses the ogre.
You feel much better. The ogre hits you but does no damage.
The ogre hits you with the +9 dire flail of Butchery {vamp, *Slow rC+++ rCorr Int+2}!
The ogre draws strength from your wounds!
Exodus22XD's ghost hits you but does no damage.
Bozidara hits the ogre!
You are too injured to fight recklessly!
You are too injured to fight recklessly!
You are too injured to fight recklessly!
You are too injured to fight recklessly!
Casting: Foxfire (safe; 2% risk of failure)
Confirm with . or Enter, or press ? or * to list all spells.
You conjure some foxfire!
Exodus22XD's ghost hits you but does no damage.
The ogre hits you with a +0 giant club!
The ogre hits you with the +9 dire flail of Butchery {vamp, *Slow rC+++ rCorr Int+2}.
The ogre draws strength from your wounds!
Bozidara hits the ogre.
Casting: Foxfire (safe; 2% risk of failure)
Confirm with . or Enter, or press ? or * to list all spells.
You conjure some foxfire!
The foxfire hits the ogre!
The ogre is heavily wounded.
The foxfire hits the ogre but does no damage.
The ogre is heavily wounded.
Exodus22XD's ghost hits you.
* * * LOW HITPOINT WARNING * * *
You are electrocuted!
* * * LOW HITPOINT WARNING * * *
The ogre hits you with a +0 giant club!
You die...

.....####..........##.#.#.##.....
.................................
####........####....#...........#
............# ####.#...........#
...........## #.#...........#
....R......# #.#...........#
#...###############.#...........#
##....#©....©.ROO.#.+............
.##..##..##.W.##♣.#.#.###.#######
..##..#[#..#.#.W#v#...#...#......
...#..#.#..#.#..#.#.#.....#.####.
......#..##...##..#.#.#.#.#(#.#..
...(..#.....($....#.#.#.#.....#..
......#############.#.#.......#..
..##.......©.©......#.#####.#.#..
..##..........................#..
..##...#####.#.####.#######.#.#..


You could see the friendly Bozidara the ancestor, 2 ogres and Exodus22XD's
ghost.

Vanquished Creatures
  Duvessa (D:5)
  2 ogres
  Blork the orc (D:4)
  Dowan (D:5)
  3 hounds
  Crazy Yiuf (D:4)
  A bullfrog zombie (D:5)
  Natasha (twice) (D:4)
  5 adders
  An adder skeleton (D:3)
  An adder zombie (D:5)
  A dart slug (D:3)
  5 orcs
  7 endoplasms
  4 giant cockroaches
  10 hobgoblins
  6 jackals
  5 quokkas
  10 ball pythons
  7 bats
  4 frilled lizards
  5 goblins
  9 kobolds
  8 rats
100 creatures vanquished.

Vanquished Creatures (collateral kills)
  An orc priest (D:5)
  An orc (D:3)
  A goblin (D:3)
  4 hobgoblins (D:3)
7 creatures vanquished.

Vanquished Creatures (others)
  6 ancestors
  504 foxfires
510 creatures vanquished.

Grand Total: 617 creatures vanquished

Notes
Turn   | Place    | Note
-------+----------+-------------------------------------------
     0 | D:1      | Aphynety the Draconian Fire Elementalist began the quest
                  | for the Orb.
     0 | D:1      | Reached XP level 1. HP: 14/14 MP: 3/3
   165 | D:1      | Found a faded altar of an unknown god.
   343 | D:1      | Reached XP level 2. HP: 20/20 MP: 0/5
  1453 | D:1      | Prayed at the altar of an unknown god.
  1453 | D:1      | Became a worshipper of Hepliaklqana the Forgotten
  1453 | D:1      | Reached * piety under Hepliaklqana
  1485 | D:2      | Found Fogug's Magic Scroll Shoppe.
  1491 | D:2      | Reached XP level 3. HP: 23/23 MP: 4/6
  1548 | D:2      | Bought a scroll of identify for 26 gold pieces
  2287 | D:2      | Bought a scroll of identify for 26 gold pieces
  2287 | D:2      | Identified a scroll of acquirement
  3210 | D:3      | Reached XP level 4. HP: 27/29 MP: 0/7
  3375 | D:3      | Noticed an ogre
  3385 | D:3      | Killed an ogre
  3386 | D:3      | Reached XP level 5. HP: 34/34 MP: 1/9
  3757 | D:3      | Reached ** piety under Hepliaklqana
  3910 | D:3      | Reached skill level 4 in Fire Magic
  5353 | D:4      | Noticed Blork the orc
  5399 | D:4      | Killed Blork the orc
  5400 | D:4      | Reached XP level 6. HP: 20/40 MP: 0/11
  5573 | D:4      | Noticed Natasha
  5590 | D:4      | Killed Natasha
  5676 | D:4      | Noticed Natasha
  5684 | D:4      | Killed Natasha
  5825 | D:4      | Found a runed translucent door.
  5826 | D:4      | Noticed Crazy Yiuf
  5908 | D:4      | Reached *** piety under Hepliaklqana
  6239 | D:4      | Killed Crazy Yiuf
  6347 | D:5      | Entered Level 5 of the Dungeon
  6422 | D:5      | Found Giheny's Specific Store.
  6424 | D:5      | Found Tuac's General Store.
  6556 | D:5      | Bought a potion of lignification for 42 gold pieces
  6560 | D:5      | Bought a scroll of identify for 24 gold pieces
  6610 | D:5      | Identified the +9 dire flail of Butchery {vamp, *Slow rC+++
                  | rCorr Int+2}
  6611 | D:5      | Found a transporter.
  6611 | D:5      | Noticed Exodus22XD's ghost (novice MiFi)
  6614 | D:5      | Found a transporter.
  7111 | D:5      | Found Qedu's Assorted Antiques.
  7115 | D:5      | Noticed Duvessa
  7115 | D:5      | Noticed Dowan
  7155 | D:5      | Killed Duvessa
  7156 | D:5      | Your scales start taking on a dull iron-grey colour.
  7156 | D:5      | Reached XP level 7. HP: 38/45 MP: 0/13
  7158 | D:5      | Killed Dowan
  7309 | D:5      | Bought a scroll of identify for 40 gold pieces
  7309 | D:5      | Bought a scroll of identify for 40 gold pieces
  7324 | D:5      | Reached skill level 5 in Fire Magic
  7544 | D:5      | Found a broken altar of Ashenzari.
  7639 | D:5      | Found a staircase to the Ecumenical Temple.
  7943 | D:5      | Slain by an ogre

Illustrated notes

Levels and vault maps discovered:
D:1:      dpeg_arrival_oval, layout_basic, ebering_ecumenical_altar_mist
D:2:      layout_rooms, serial_shops, shop
D:3:      cheibrodos_greedy_goblins, layout_basic, minmay_mini_jars
D:4:      layout_loops_corners, uniq_natasha, uniq_crazy_yiuf_cottage,
          uniq_blork_the_orc
D:5:      layout_basic, nicolae_ashenzari_panopticon,
          minmay_temple_entry_junction, gammafunk_ghost_smash, serial_shops,
          nicolae_shop_statue_plus, nicolae_specific_store,
          kennysheep_generic_room_11, uniq_duvessa

Skill      XL: |  1  2  3  4  5  6  7 |
---------------+----------------------+-----
Stealth        | 2 3 4 |  4.0
Dodging        | 2 |  2.0
Conjurations   | 2 3 4 |  4.2
Spellcasting   | 3 4 |  4.4
Fire Magic     | 4 5 |  5.2

Action                   |  1- 3 |  4- 6 |  7- 9 || total
-------------------------+-------+-------+-------++-------
Melee: Unarmed           |    36 |    18 |     5 ||    59
       Tailslap          |     2 |     3 |       ||     5
       Punch             |       |     1 |       ||     1
 Cast: Foxfire           |   141 |   174 |    26 ||   341
  Use: Scroll            |     3 |     3 |     2 ||     8
       Potion            |       |     1 |     3 ||     4
Armor: Skin              |    39 |    22 |     8 ||    69
Dodge: Dodged            |    60 |    25 |     6 ||    91
